 Dungeon Crawl Stone Soup version 0.28.0-47-ge53b351184 (webtiles) character file.

Game seed: 8141650174016535235

40 NinjaNoafa the Chopper (level 3, -2/33 HPs)
             Began as a Hill Orc Monk on Apr 25, 2022.
             Killed from afar by an orc wizard (6 damage)
             ... with a magic dart
             ... on level 2 of the Dungeon.
             The game lasted 00:01:34 (1967 turns).

NinjaNoafa the Chopper (Hill Orc Monk)              Turns: 1967, Time: 00:01:35

Health: -2/33      AC:  2    Str: 15    XL:     3   Next: 50%
Magic:  3/3        EV: 12    Int: 10    God:
Gold:   71         SH:  0    Dex: 13    Spells: 2/2 levels left

rFire   . . .      SeeInvis .   a - +0 hand axe
rCold   . . .      Faith    .   (no shield)
rNeg    . . .      Spirit   .   b - +0 robe
rPois   .          Reflect  .   (no helmet)
rElec   .          Harm     .   (no cloak)
rCorr   .          Rampage  .   (no gloves)
Will    .....                   (no boots)
Stlth   ++........              (no amulet)
HPRegen 0.11/turn               (no ring)
MPRegen 0.08/turn               (no ring)

@: no status effects
A: no striking features
a: no special abilities


You were on level 2 of the Dungeon.
You visited 1 branch of the dungeon, and saw 2 of its levels.

You collected 71 gold pieces.

Inventory:

Hand Weapons
 a - a +0 hand axe (weapon)
Missiles
 h - 4 curare-tipped darts (quivered)
Armour
 b - a +0 robe (worn)
Scrolls
 d - a scroll of amnesia {unknown}
 e - a scroll of torment {unknown}
 f - a scroll of teleportation {unknown}
 g - a scroll of identify {unknown}
 i - a scroll of magic mapping {unknown}
Potions
 c - a potion of degeneration {unknown}
 j - a potion of haste {unknown}
 k - a potion of curing {unknown}


   Skills:
 + Level 4.0 Fighting
 + Level 4.4 Axes
 + Level 1.2 Armour
 - Level 2.4 Dodging
 - Level 1.5 Stealth
 * Level 0.4 Spellcasting
 * Level 0.8 Conjurations
 * Level 1.0 Fire Magic


You had 2 spell levels left.
You didn't know any spells.
Your spell library contained the following spells:

 Spells                   Type           Power      Damage    Failure   Level
 Scorch                   Fire           4%         2d5       36%         2
 Flame Wave               Conj/Fire      2%         2d4       94%         4
 Summon Cactus Giant      Summ           0%         N/A       100%        6


Dungeon Overview and Level Annotations

Branches:
Dungeon (2/15)

Altars:
Xom


Message History

You hit the orc wizard.
The orc wizard is lightly wounded.
The orc wizard hits you but does no damage.
You hit the orc wizard but do no damage.
The orc wizard is lightly wounded.
The orc wizard closely misses you.
You slash the orc wizard!
You punch the orc wizard, but do no damage.
The orc wizard is heavily wounded.
The orc wizard barely misses you.
You hit the orc wizard but do no damage.
The orc wizard is heavily wounded.
The orc wizard hits you with a +0 dagger.
You hit the orc wizard but do no damage.
The orc wizard is heavily wounded.
The orc wizard points at you and mumbles some strange words.
The puff of flame hits you!
You hit the orc wizard.
The orc wizard is heavily wounded.
The orc wizard gestures wildly while chanting.
The orc wizard flickers and vanishes!
Deactivating autopickup; reactivate with Ctrl-A.
You hit something. Something completely misses you.
You hit something but do no damage. Something hits you.
You closely miss something. Something hits you but does no damage.
You barely miss something.
You hear some strange, mumbled words.
A magic dart appears from out of thin air!
The magic dart hits you!
* * * LOW HITPOINT WARNING * * *
You miss something. Something hits you but does no damage. Something hits you.
* * * LOW HITPOINT WARNING * * *
You closely miss something. Something hits you.
* * * LOW HITPOINT WARNING * * *
You hit something but do no damage. Something hits you but does no damage.
You hit something.
You hear some strange, mumbled words.
A magic dart appears from out of thin air!
The magic dart hits you.
You die...

##.....###.
#)....# #.
####.#.#.# #.
######....#.#.###.
#..<..............
#.####...##...###.
#.# ####.....# #.
#.# #.#..## #. #@#
#.#..####. #{#
#.#..#.... #g#
##.#..#.### .o#
#.....#.# .##
#..#.##.# #.
#.......# #.
#..####.# #. #..
#.### #. #....


You could see an orc and a hobgoblin.

Vanquished Creatures
  2 worms (D:2)
  2 dart slugs
  3 orcs (D:2)
  2 endoplasms
  A giant cockroach (D:1)
  A hobgoblin (D:2)
  3 jackals (D:2)
  3 ball pythons
  2 bats (D:2)
  3 frilled lizards (D:1)
  4 goblins
  A kobold (D:1)
27 creatures vanquished.

Notes
Turn   | Place    | Note
-------+----------+-------------------------------------------
     0 | D:1      | NinjaNoafa the Hill Orc Monk began the quest for the Orb.
     0 | D:1      | Reached XP level 1. HP: 19/19 MP: 1/1
   302 | D:1      | Reached XP level 2. HP: 27/27 MP: 2/2
   313 | D:1      | Reached skill level 1 in Armour
  1087 | D:2      | Found a faded altar of an unknown god.
  1179 | D:2      | Reached XP level 3. HP: 7/33 MP: 3/3
  1906 | D:2      | Found a shimmering altar of Xom.
  1951 | D:2      | Reached skill level 1 in Fire Magic
  1967 | D:2      | Killed from afar by an orc wizard

Illustrated notes

Levels and vault maps discovered:
D:1:      lemuel_arrival_tunnels, layout_basic
D:2:      layout_loops_ring, hellmonk_ecumenical_altar_dog_temple, basic_altar

Skill      XL: |  1  2  3 |
---------------+----------+-----
Armour         | 1 |  1.2
Fighting       | 4 |  4.0
Fire Magic     | 1 |  1.0
Axes           | |  4.4
Dodging        | |  2.4
Stealth        | |  1.5
Spellcasting   | |  0.4
Conjurations   | |  0.8

Action                   || total
-------------------------++-------
Melee: Hand axe          ||   108
       Punch             ||     2
 Stab: Sleeping          ||     1
Armor: Robe              ||    19
Dodge: Dodged            ||    70
